 Dungeon Crawl Stone Soup version 0.23.2-1-ga50397a6bc (webtiles) character file.

Game seed: 6523447643833274566

59 Rediskos the Grave Robber (level 4, -3/35 HPs)
             Began as a Ghoul Necromancer on May 11, 2019.
             Slain by Natasha (5 damage)
             ... on level 2 of the Dungeon.
             The game lasted 00:10:14 (3191 turns).

Rediskos the Grave Robber (Ghoul Necromancer)       Turns: 3191, Time: 00:10:14

Health: -3/35      AC:  2    Str: 11    XL:     4   Next: 3%
Magic:  0/6        EV: 12    Int: 11    God:
Gold:   122        SH:  0    Dex:  9    Spells: 2/7 levels left

rFire    . . .     SeeInvis .   (no weapon)
rCold    + . .     Gourm    .   (no shield)
rNeg     + + +     Faith    .   a - +0 robe
rPois    ∞         Spirit   .   (no helmet)
rElec    .         Reflect  .   (no cloak)
rCorr    .         Harm     .   (no gloves)
MR       .....                  (no boots)
Stlth    ++........             (no amulet)
HPRegen  0.00/turn              (no ring)
MPRegen  0.10/turn              (no ring)

@: very slightly contaminated, rotting, slowed, very slow
A: rotting body, claws 1, carnivore, cold resistance 1, negative energy
resistance 3, inhibited regeneration, torment resistance, unbreathing
a: no special abilities


You were on level 2 of the Dungeon.
You were not hungry.

You visited 1 branch of the dungeon, and saw 2 of its levels.

You collected 122 gold pieces.

Inventory:

Hand Weapons
 f - a +0 spear
Missiles
 d - 95 stones (quivered)
Armour
 a - a +0 robe (worn)
 l - a cursed +0 leather armour
Wands
 p - a wand of iceblast (4)
Scrolls
 b - 2 scrolls of amnesia {unknown}
 e - a scroll of teleportation {unknown}
 g - a scroll of fog {unknown}
 j - 2 scrolls of magic mapping {unknown}
 k - a scroll of fear {unknown}
 m - a scroll of identify {unknown}
 o - a scroll of remove curse {unknown}
Potions
 h - 4 potions of might {unknown}
 i - a potion of berserk rage {unknown}
 n - a potion of flight {unknown}
 q - a potion of curing {unknown}
 r - a potion of degeneration {unknown}
Comestibles
 c - 3 rations


   Skills:
 + Level 1.6 Fighting
 + Level 2.4 Dodging
 - Level 2.1 Stealth
 + Level 2.3 Spellcasting
 + Level 4.4 Necromancy


You had 2 spell levels left.
You knew the following spells:

 Your Spells              Type           Power        Failure   Level  Hunger
a - Pain                  Necr           ##..         4%          1    ##.....
b - Animate Skeleton      Necr           N/A          4%          1    ##.....
c - Vampiric Draining     Necr           ##........   14%         3    ####...

Your spell library contained the following spells:

 Spells                   Type           Power        Failure   Level  Hunger
 Regeneration             Chrm/Necr      #.........   34%         3    ####...
 Animate Dead             Necr           N/A          41%         4    #####..


Dungeon Overview and Level Annotations

Branches:
Dungeon (2/15)

Altars:

Annotations:
D:2 Natasha, Sigmund


Innate Abilities, Weirdness & Mutations

Your body is rotting away.
You thrive on raw meat.
You are immune to poison.
You have sharp fingernails.
You are carnivorous and can eat meat at any time.
Your flesh is cold resistant. (rC+)
You are immune to negative energy. (rN+++)
You do not regenerate when monsters are visible.
You are immune to unholy pain and torment.
You can survive without breathing.


Message History

Aiming: Vampiric Draining (safe; 14% risk of failure)
Press: ? - help, Shift-Dir - straight line, f - kobold
Aim: a kobold You kill the kobold!
You feel life coursing into your body. Natasha claws you.
You barely miss Natasha. Natasha barely misses you.
Natasha completely misses you.
You scratch Natasha but do no damage. Natasha claws you but does no damage.
You closely miss Natasha. Natasha claws you! x2
* * * LOW HITPOINT WARNING * * *
You closely miss Natasha. Natasha closely misses you.
Casting: Vampiric Draining (safe; 14% risk of failure)
Confirm with . or Enter, or press ? or * to list all spells.
Aiming: Pain (safe; 4% risk of failure)
Press: ? - help, Shift-Dir - straight line, f - Natasha
Aim: Natasha (chance to defeat MR: 66%)
You miscast Pain.
You are very lightly contaminated with residual magic.
Strange energies run through your body. Natasha claws you.
You die...

.###############..# #.......#....
.# .........# #.####.##..>. .#
#######.## #....... .# .#######.#
#######.... .# ...^.....##
........... .# ..........
########... .# .........# #... .#
.......h.# #... .# .......(@#
#... .# ########(# #.## .#
#)#############.# .#
############...............## .#
#........).................). .#
#.........................###
#####.........................'..
..............................###
..............................#


You could see Natasha.

Vanquished Creatures
  An adder (D:2)
  A worm (D:2)
  A dart slug (D:1)
  2 bats
  A giant cockroach (D:2)
  4 goblins (D:1)
  7 hobgoblins
  6 jackals
  2 quokkas (D:2)
  2 frilled lizards
  7 kobolds
  5 rats
39 creatures vanquished.

Vanquished Creatures (collateral kills)
  A bat (D:1)
  A hobgoblin (D:1)
2 creatures vanquished.

Grand Total: 41 creatures vanquished

Notes
Turn   | Place    | Note
-------+----------+-------------------------------------------
     0 | D:1      | Rediskos the Ghoul Necromancer began the quest for the Orb.
     0 | D:1      | Reached XP level 1. HP: 14/14 MP: 2/2
   600 | D:1      | Reached XP level 2. HP: 22/22 MP: 0/3
   917 | D:1      | HP: 1/22 [hobgoblin/+0 club (1)]
  1305 | D:1      | Reached skill level 1 in Fighting
  1327 | D:1      | Learned a level 1 spell: Animate Skeleton
  1400 | D:1      | Reached XP level 3. HP: 12/27 MP: 1/5
  1908 | D:1      | Learned a level 3 spell: Vampiric Draining
  2115 | D:2      | Noticed Sigmund
  3176 | D:2      | Noticed Natasha
  3183 | D:2      | Reached XP level 4. HP: 33/35 MP: 3/6
  3191 | D:2      | Slain by Natasha

Skill      XL: |  1  2 |
---------------+-------+-----
Dodging        | 2 |  2.4
Spellcasting   | 2 |  2.3
Fighting       | 1 |  1.6
Stealth        | |  2.1
Necromancy     | |  4.4

Action                   |  1- 3 |  4- 6 || total
-------------------------+-------+-------++-------
Melee: Unarmed           |    65 |     6 ||    71
 Cast: Pain              |    78 |     1 ||    79
       Animate Skeleton  |     6 |       ||     6
       Vampiric Draining |       |     1 ||     1
  Eat: Chunk             |    14 |       ||    14
Armor: Robe              |    13 |     2 ||    15
Dodge: Dodged            |    78 |     7 ||    85
